 Dungeon Crawl Stone Soup version 0.16.0 (webtiles) character file.

83718 Chiseanne the Eclecticist (level 15, -14/72 HPs)
             Began as a Vine Stalker Necromancer on Mar 14, 2015.
             Was the Champion of Kikubaaqudgha.
             Demolished by Norris
             ... wielding a +3 mace of freezing
              (24 damage)
             ... on level 13 of the Dungeon.
             The game lasted 02:30:41 (25819 turns).

Chiseanne the Eclecticist (VSNe)                   Turns: 25819, Time: 02:30:41

Health: -14/72     AC: 18    Str: 22      XL:     15   Next: 78%
Magic:  0/39       EV: 15    Int: 16 (18) God:    Kikubaaqudgha [******]
Gold:   515        SH: 15    Dex: 30      Spells: 14 memorised, 6 levels left

rFire  + . .     SeeInvis .     a - +4 falchion of the Lamprey {holy, *Rage rN+ Str+6 Int-2 Dex+8}
rCold  + + .     Clarity  .     k - +3 ring mail {rC+}
rNeg   + . .     SustAb   .     J - +2 shield of Resistance {rF+ rC+ MR+}
rPois  +         Gourm    .     m - +1 helmet
rElec  .         Spirit   +     s - +1 cloak {+Inv}
rCorr  .         Warding  .     M - +2 pair of gloves {Str+3}
rMut   .         Stasis   +     t - +0 pair of boots
MR     ++...                    d - amulet of stasis
Stlth  +++.......               F - +3 ring of strength
                                X - ring of poison resistance

@: agile, manticore barbs, drained, very resistant to hostile enchantments,
fairly stealthy
A: fangs 3, regeneration 3, magic shield, antimagic bite, no device heal 3, rot
immunity
a: Receive Corpses, Torment, Renounce Religion, Evoke Invisibility


You were on level 13 of the Dungeon.
You worshipped Kikubaaqudgha.
Kikubaaqudgha was exalted by your worship.
You were near starving.

You visited 3 branches of the dungeon, and saw 22 of its levels.

You collected 1603 gold pieces.
You spent 1088 gold pieces at shops.

Inventory:

Hand weapons
 a - the +4 falchion of the Lamprey (weapon) {holy, *Rage rN+ Str+6 Int-2 Dex+8}
   (You bought it in a shop on level 4 of the Dungeon)

   It has been blessed by the Shining One to cause great damage to the undead
   and demons.
   It affects your strength (+6).
   It affects your intelligence (-2).
   It affects your dexterity (+8).
   It protects you from negative energy.
   It may make you go berserk in combat.
Armour
 k - a +3 ring mail of cold resistance (worn)
 m - a +1 helmet (worn)
 s - a +1 cloak of invisibility (worn)
 t - a +0 pair of boots (worn)
 J - the +2 shield of Resistance (worn) {rF+ rC+ MR+}
   (You bought it in a shop on level 7 of the Dungeon)

   It protects you from fire.
   It protects you from cold.
   It affects your resistance to hostile enchantments.
 M - a +2 pair of gloves of strength (worn)
Magical staves
 D - an uncursed staff of power
Jewellery
 d - an amulet of stasis (around neck)
 p - an uncursed ring of flight
 F - a +3 ring of strength (right hand)
 I - an uncursed ring of protection from cold
 X - a ring of poison resistance (left hand)
Magical devices
 c - a wand of cold (2)
 i - a wand of lightning (3)
 z - a wand of digging (8)
Scrolls
 b - 2 scrolls of enchant armour
 u - 5 scrolls of magic mapping
 v - 13 scrolls of teleportation
 x - a scroll of amnesia
 y - 4 scrolls of fear
 B - 3 scrolls of fog
 C - a scroll of recharging
 E - 2 scrolls of identify
 Q - 6 scrolls of remove curse
Potions
 e - 8 potions of restore abilities
 f - 7 potions of curing
 h - 2 potions of lignification
 j - a potion of brilliance
 l - a potion of ambrosia
 n - a potion of cancellation
 o - a potion of might
 A - a potion of flight {unknown}
 L - 3 potions of resistance
 T - 4 potions of agility
 U - a potion of berserk rage
Comestibles
 g - a beef jerky
 q - 10 meat rations
 r - 8 bread rations
 w - 20 fruits


   Skills:
 * Level 5.2(4.8) Fighting
 * Level 5.5(5.0) Armour
 - Level 1.5(1.1) Dodging
 - Level 2.4(2.0) Stealth
 * Level 8.4(8.0) Shields
 * Level 17.5(17.0) Spellcasting
 * Level 7.5(7.0) Hexes
 - Level 13.2(12.7) Necromancy


You had 6 spell levels left.
You knew the following spells:

 Your Spells              Type           Power        Failure   Level  Hunger
a - Pain                  Necr           ####         1%          1    None
b - Animate Skeleton      Necr           N/A          1%          1    None
c - Vampiric Draining     Necr           ######....   1%          3    None
d - Regeneration          Chrm/Necr      ####......   4%          3    None
e - Animate Dead          Necr           N/A          1%          4    None
f - Control Undead        Necr           ######....   1%          4    None
g - Apportation           Tloc           ##........   21%         1    None
h - Ensorcelled Hibernat  Hex/Ice        ###...       8%          2    None
i - Dazzling Spray        Conj/Hex       ###.....     14%         3    None
j - Agony                 Necr           ######..     2%          5    ####...
k - Dispel Undead         Necr           ######..     2%          5    ####...
l - Tukima's Dance        Hex            #####...     3%          3    None
m - Cause Fear            Hex            #####.....   12%         4    None
n - Enslavement           Hex            #####...     12%         4    None


Dungeon Overview and Level Annotations

Branches:
Dungeon (13/15)            Temple (1/1) D:4            Lair (8/8) D:9
  Swamp (0/5) Lair:6       Spider (0/5) Lair:6        Slime (0/6) Lair:7
    Orc (0/4) D:12         Vaults (0/5) D:13

Altars:
Ashenzari
Cheibriados
Dithmenos
Elyvilon
Fedhas
Gozag
Kikubaaqudgha
Makhleb
Nemelex Xobeh
Okawaru
Qazlal
Ru
Sif Muna
Trog
Vehumet
Xom
Yredelemnul
Zin
The Shining One

Shops:
D:4 (   D:7 *   D:8 (   D:9 :

Portals:
Trove: D:12 (give 2 potions of cure mutation)

Annotations:
D:13 Norris


Innate Abilities, Weirdness & Mutations

You have razor-sharp teeth.
You regenerate.
When hurt, damage is shared between your health and your magic reserves.
Your bite disrupts and absorbs the magic of your enemies.
Potions and wands cannot restore your health.
You are immune to rotting.


Message History

A manticore comes into view.
You slash something! Your bite misses something. Something hits you!
You block its attack.
You miss something. You bite something. You drain its power.
You feel invigorated.
The manticore flicks its tail.
The volley of spikes hits you!
The barbed spikes become lodged in your body.
Something hits you!!
* * * LOW HITPOINT WARNING * * *
Something freezes you.
Drink which item? (? for menu, Esc to quit)
You feel agile all of a sudden.
The manticore flicks its tail.
The volley of spikes hits you!
The barbed spikes become lodged in your body.
* * * LOW HITPOINT WARNING * * *
Something hits you!!
You die...
Kikubaaqudgha rasps: "You have failed me!
Welcome... death!"

#.............##
#.....p...!....#
#.......p......#
.....().......#
#####.####.# #.#
#)# #?# #<#
#{#####...#
#@)...H.#
#######...#


You could see a manticore.

Vanquished Creatures
  Rupert (Lair:8)
  Maud (Lair:8)
  A dire elephant (Lair:8)
  Snorg (Lair:8)
  Fannar (Lair:8)
  A hydra (Lair:7)
  A tengu warrior (D:11)
  4 death yaks (Lair:8)
  A deep troll shaman (Lair:8)
  Nergalle (Lair:2)
  4 skeletal warriors (D:11)
  Erolcha (D:8)
  3 hill giants
  A griffon (Lair:4)
  An elephant (shapeshifter) (D:13)
  A cyclops (D:12)
  2 ugly things (D:12)
  Maurice (D:10)
  3 elephants
  3 black mambas
  9 spiny frogs
  Psyche (D:12)
  4 komodo dragons
  A troll (D:10)
  2 fire drakes (Lair:6)
  A raven (D:11)
  10 blink frogs
  A trapdoor spider zombie (D:11)
  2 deep elf magi
  A slime creature (D:12)
  16 humans
  37 yaks
  3 wraiths (D:12)
  4 wyverns
  A steam dragon (D:7)
  A hungry ghost (D:9)
  9 hippogriffs
  13 wolves
  Edmund (D:4)
  9 water moccasins
  2 black bears
  5 ice beasts
  9 orc warriors
  6 porcupines
  A wasp (D:12)
  2 phantoms
  A spider (Lair:6)
  A necrophage (D:8)
  7 ogres
  11 crocodiles
  2 boring beetles (Lair:8)
  4 centaurs
  A big kobold (D:12)
  13 giant frogs
  2 scorpions
  3 killer bees (D:10)
  A wyvern skeleton (D:12)
  7 wights
  2 electric eels
  2 jellies
  11 orc priests
  A giant frog zombie (D:10)
  5 hounds
  A centaur zombie (D:11)
  2 goliath beetles
  3 centaur skeletons
  2 crimson imps (D:11)
  Crazy Yiuf (D:2)
  A giant frog skeleton (D:8)
  10 orc wizards
  8 iguanas
  6 worker ants
  A killer bee zombie (D:3)
  A hound zombie (D:10)
  A worker ant zombie (D:11)
  16 adders
  45 river rats
  3 shadow imps
  2 worms (D:3)
  An adder zombie (D:9)
  An iguana zombie (Lair:1)
  An adder skeleton (D:4)
  3 giant geckos
  36 orcs
  2 ball pythons
  8 giant cockroaches
  10 hobgoblins
  22 jackals
  13 quokkas
  12 bats
  A giant cockroach zombie (D:5)
  A giant gecko zombie (D:6)
  9 giant newts
  6 goblins
  18 kobolds
  17 rats
  2 bushes (Lair:8)
  19 fungi
  16 plants
559 creatures vanquished.

Vanquished Creatures (collateral kills)
  Donald (D:12)
  Josephine (D:12)
  A catoblepas (Lair:8)
  5 hydras
  7 death yaks
  A fire crab (Lair:6)
  A hill giant (D:10)
  An ugly thing (D:11)
  4 oklob plants
  6 spiny frogs
  4 black mambas
  6 elephants
  2 fire drakes
  2 komodo dragons
  A troll (D:12)
  A two-headed ogre (D:9)
  3 polar bears
  13 blink frogs
  3 slime creatures (D:12)
  2 wraiths (D:12)
  A raven (D:11)
  5 wyverns
  A hungry ghost (D:10)
  4 hippogriffs
  Eustachio (D:8)
  24 yaks
  A steam dragon (Lair:8)
  A warg (D:12)
  4 wolves
  4 water moccasins
  An ice beast (D:9)
  3 orc warriors
  6 porcupines
  2 black bears
  7 spiders (Lair:6)
  2 centaurs (Lair:1)
  2 phantoms
  2 ogres
  4 giant frogs
  5 crocodiles
  3 wights (D:7)
  A jelly (D:9)
  2 killer bees (D:10)
  3 electric eels (Lair:4)
  A crimson imp (D:9)
  An orc priest (D:9)
  6 hounds
  A worker ant (D:5)
  2 iguanas
  35 river rats
  7 adders
  A worm (D:1)
  5 orcs
  2 bats
  A giant cockroach (D:1)
  A goblin (D:2)
  2 hobgoblins
  5 jackals
  5 kobolds
  2 quokkas
  2 giant newts (D:2)
  2 rats
  14 fungi
  24 plants
273 creatures vanquished.

Vanquished Creatures (others)
  An elephant (Lair:7)
  2 human zombies
  2 ugly thing zombies
  A catoblepas zombie (Lair:8)
  A hydra zombie (Lair:1)
  2 black mamba zombies
  An elf zombie (Lair:8)
  4 spiny frog zombies
  A spiny frog skeleton (Lair:8)
  5 blink frog zombies
  2 fire drake zombies
  4 blink frog skeletons
  3 spider zombies (Lair:6)
  A wyvern zombie (Lair:8)
  3 water moccasin zombies
  A hippogriff zombie (Lair:8)
  10 yak zombies
  2 hippogriff skeletons
  2 yak skeletons
  7 wolf zombies
  6 giant frog zombies
  A boring beetle zombie (Lair:8)
  A wasp zombie (D:12)
  A wolf skeleton (Lair:2)
  A centaur zombie (D:7)
  2 giant frog skeletons
  A porcupine zombie (Lair:6)
  3 elf skeletons
  A killer bee zombie (D:10)
  A big kobold zombie (D:12)
  5 crocodile zombies
  An ogre zombie (D:11)
  3 dwarf skeletons (Lair:8)
  4 hound zombies
  4 human skeletons
  A hound skeleton (Lair:4)
  A naga skeleton (Lair:8)
  3 worker ant zombies
  A scorpion zombie (D:7)
  6 adder zombies
  An adder skeleton (Lair:8)
  2 electric eel zombies
  An iguana skeleton (Lair:2)
  3 bat skeletons
  2 giant gecko skeletons
  A giant newt skeleton (D:2)
  A giant spore (D:13)
  A goblin skeleton (D:5)
  6 jackal skeletons
  A jackal zombie (D:9)
  3 kobold zombies
  7 orc skeletons
  10 orc zombies
  5 quokka zombies
  4 rat skeletons
  18 river rat zombies
  A ballistomycete (D:13)
  10 fungi
179 creatures vanquished.

Grand Total: 1011 creatures vanquished

Notes
Turn   | Place    | Note
--------------------------------------------------------------
     0 | D:1      | Chiseanne, the Vine Stalker Necromancer, began the quest for the Orb.
     0 | D:1      | Reached XP level 1. HP: 9/9 MP: 3/3
    16 | D:1      | Learned a level 1 spell: Animate Skeleton
   343 | D:1      | Reached XP level 2. HP: 11/13 MP: 0/5
   855 | D:1      | Reached XP level 3. HP: 16/16 MP: 1/7
   994 | D:1      | Learned a level 3 spell: Vampiric Draining
  1537 | D:2      | Learned a level 3 spell: Regeneration
  1934 | D:2      | Reached XP level 4. HP: 18/21 MP: 5/10
  1963 | D:2      | Reached skill level 5 in Necromancy
  2360 | D:2      | Noticed Crazy Yiuf
  2465 | D:2      | Killed Crazy Yiuf
  2617 | D:3      | Reached XP level 5. HP: 11/24 MP: 3/14
  3131 | D:4      | Found Murhauru's Antique Weapon Shop.
  3148 | D:4      | Learned a level 4 spell: Animate Dead
  3255 | D:4      | Noticed Edmund
  3256 | D:4      | Noticed an ogre
  3270 | D:4      | Killed Edmund
  3270 | D:4      | Reached skill level 6 in Necromancy
  3270 | D:4      | Gained mutation: You heal very quickly. [vine stalker growth]
  3270 | D:4      | Reached XP level 6. HP: 21/28 MP: 1/18
  3419 | D:4      | Killed an ogre
  3419 | D:4      | Reached skill level 5 in Spellcasting
  3558 | D:4      | Reached XP level 7. HP: 32/32 MP: 17/20
  3697 | D:4      | Found a staircase to the Ecumenical Temple.
  3709 | D:4      | Found a sacrificial altar of Ru.
  3710 | D:4      | Noticed a hippogriff
  3720 | D:4      | Killed a hippogriff
  3743 | D:4      | Learned a level 4 spell: Control Undead
  3745 | D:4      | Noticed a phantom
  3833 | D:4      | Killed a phantom
  3944 | D:5      | Entered Level 5 of the Dungeon
  3999 | Temple   | Entered the Ecumenical Temple
  4146 | Temple   | Became a worshipper of Kikubaaqudgha
  4269 | D:5      | Found a sparkling altar of Nemelex Xobeh.
  4367 | D:4      | Bought a crystal falchion for 184 gold pieces
  4566 | D:5      | Found a shadowy altar of Dithmenos.
  4609 | D:5      | Found a deep blue altar of Sif Muna.
  4649 | D:5      | Reached skill level 7 in Necromancy
  4883 | D:5      | Identified Sif Muna's Reference Book on the Traveller
  4886 | D:5      | Learned a level 1 spell: Apportation
  4902 | D:5      | Acquired Kikubaaqudgha's first power
  4902 | D:5      | Received a gift from Kikubaaqudgha
  4907 | D:5      | Identified Kikubaaqudgha's Handbook of Evil Secrets (Kikubaaqudgha gifted it to you on level 5 of the Dungeon)
  5176 | D:5      | Gained mutation: You have razor-sharp teeth. [vine stalker growth]
  5176 | D:5      | Reached XP level 8. HP: 25/36 MP: 3/23
  5492 | D:6      | Identified the +4 falchion of the Lamprey {holy, *Rage rN+ Str+6 Int-2 Dex+8} (You bought it in a shop on level 4 of the Dungeon)
  5697 | D:6      | Reached skill level 8 in Necromancy
  6065 | D:6      | Acquired Kikubaaqudgha's second power
  6096 | D:7      | Found a bloodstained altar of Trog.
  6188 | D:7      | Learned a level 2 spell: Ensorcelled Hibernation
  6192 | D:7      | Learned a level 3 spell: Dazzling Spray
  6429 | D:7      | Found Erphaytaxt's General Store.
  6436 | D:7      | Bought a scroll of fog for 28 gold pieces
  6444 | D:7      | Found a shimmering altar of Xom.
  6651 | D:7      | Reached XP level 9. HP: 39/39 MP: 23/27
  6664 | D:7      | Reached skill level 1 in Hexes
  7311 | D:8      | Found a stormy altar of Qazlal.
  7386 | D:8      | Found a basalt altar of Yredelemnul.
  7416 | D:8      | Noticed Eustachio
  7420 | D:8      | Killed Eustachio
  7420 | D:8      | Reached skill level 9 in Spellcasting
  7928 | D:8      | Found a glowing golden altar of the Shining One.
  8005 | D:8      | Found Iteas' Weapon Shop.
  8032 | D:8      | Noticed Erolcha
  8081 | D:8      | Killed Erolcha
  8675 | D:9      | Found a snail-covered altar of Cheibriados.
  8759 | D:9      | Found Faskonga's Book Emporium.
  8768 | D:9      | Reached skill level 10 in Spellcasting
  8983 | D:7      | Bought a +2 pair of gloves of strength for 301 gold pieces
  9028 | D:9      | Reached XP level 10. HP: 44/44 MP: 29/29
  9062 | D:9      | Found a staircase to the Lair.
  9194 | D:9      | Received a gift from Kikubaaqudgha
  9194 | D:9      | Reached skill level 10 in Necromancy
  9197 | D:9      | Identified Kikubaaqudgha's Handbook of Sinister Arts (Kikubaaqudgha gifted it to you on level 9 of the Dungeon)
  9253 | D:9      | Found a glowing golden altar of the Shining One.
  9255 | D:9      | Found a radiant altar of Vehumet.
  9267 | D:9      | Found a white marble altar of Elyvilon.
  9285 | D:9      | Found a bloodstained altar of Trog.
  9782 | D:10     | Entered Level 10 of the Dungeon
  9916 | D:10     | Noticed a hill giant
 10044 | D:10     | Found a snail-covered altar of Cheibriados.
 10257 | D:10     | Reached skill level 11 in Spellcasting
 10446 | D:10     | Noticed Maurice
 10574 | D:10     | Killed Maurice
 10695 | D:10     | Reached XP level 11. HP: 45/47 MP: 29/32
 10696 | D:10     | Your ally Maurice died
 10850 | D:10     | Killed a hill giant
 11000 | D:10     | Acquired Kikubaaqudgha's third power
 11128 | Lair:1   | Entered Level 1 of the Lair of Beasts
 11461 | Lair:1   | Reached skill level 12 in Spellcasting
 11669 | Lair:1   | Learned a level 5 spell: Agony
 11675 | Lair:1   | Learned a level 5 spell: Dispel Undead
 11770 | Lair:1   | Noticed a seven-headed hydra
 11780 | Lair:1   | Killed a seven-headed hydra
 12108 | Lair:1   | Found a burning altar of Makhleb.
 12261 | Lair:1   | Acquired Kikubaaqudgha's fourth power
 12284 | Lair:1   | Reached skill level 5 in Hexes
 12661 | Lair:2   | Noticed a four-headed hydra
 12823 | Lair:1   | Killed a four-headed hydra
 13036 | Lair:2   | Noticed Nergalle
 13049 | Lair:2   | Killed Nergalle
 13074 | Lair:2   | Reached skill level 13 in Spellcasting
 13121 | Lair:2   | Gained mutation: You regenerate. [vine stalker growth]
 13121 | Lair:2   | Reached XP level 12. HP: 34/51 MP: 1/34
 14603 | Temple   | Received a gift from Kikubaaqudgha
 15934 | Lair:3   | Reached skill level 1 in Fighting
 16231 | Lair:4   | Noticed a death yak
 16235 | Lair:4   | Noticed a death yak
 16236 | Lair:4   | Noticed a death yak
 16236 | Lair:4   | Noticed a death yak
 16240 | Lair:4   | Noticed a death yak
 16245 | Lair:3   | Killed a death yak
 16245 | Lair:3   | Reached skill level 14 in Spellcasting
 16308 | Lair:3   | Killed a death yak
 16308 | Lair:3   | Reached skill level 1 in Armour
 16310 | Lair:3   | Killed a death yak
 16313 | Lair:3   | Killed a death yak
 16316 | Lair:3   | Killed a death yak
 16688 | Lair:4   | Learned a level 3 spell: Tukima's Dance
 16693 | Lair:4   | Learned a level 4 spell: Cause Fear
 16835 | Lair:4   | Noticed a six-headed hydra
 16844 | Lair:4   | Killed a six-headed hydra
 16844 | Lair:4   | Reached XP level 13. HP: 34/58 MP: 4/36
 17036 | Lair:4   | Noticed a five-headed hydra
 17040 | Lair:4   | Killed a five-headed hydra
 17288 | Lair:5   | Reached skill level 15 in Spellcasting
 18744 | Lair:6   | Found a staircase to the Swamp.
 18862 | Lair:6   | Found a hole to the Spider Nest.
 19268 | Lair:6   | Reached XP level 14. HP: 63/63 MP: 37/37
 19473 | Lair:3   | Reached skill level 16 in Spellcasting
 19633 | D:7      | Bought the +2 shield of Resistance {rF+ rC+ MR+} for 575 gold pieces
 19770 | Lair:1   | Learned a level 4 spell: Enslavement
 20528 | Lair:7   | Found a staircase to the Slime Pits.
 21415 | Lair:8   | Entered Level 8 of the Lair of Beasts
 21459 | Lair:8   | Noticed Maud
 21510 | Lair:8   | Noticed Snorg
 21532 | Lair:8   | Killed Snorg
 22144 | Lair:8   | Noticed Rupert
 22155 | Lair:8   | Killed Rupert
 22155 | Lair:8   | Reached XP level 15. HP: 49/70 MP: 10/38
 22214 | Lair:8   | Noticed Fannar
 22240 | Lair:8   | Killed Fannar
 22245 | Lair:8   | Killed Maud
 22553 | Lair:8   | Your ally Rupert died
 22572 | Lair:8   | Your ally Fannar died
 22945 | Lair:8   | Reached skill level 5 in Armour
 23059 | Lair:8   | Reached skill level 17 in Spellcasting
 24636 | D:12     | Noticed Psyche
 24642 | D:12     | Killed Psyche
 24772 | D:12     | Found a staircase to the Orcish Mines.
 24811 | D:12     | Identified a scroll of acquirement
 24814 | D:12     | Got a heavily runed leather armour
 24825 | D:12     | Identified the -1 leather armour "Phaor" {+Blink} (You acquired it on level 12 of the Dungeon)
 24948 | D:12     | Noticed Josephine
 24960 | D:12     | Killed Josephine
 25242 | D:12     | Found a portal to a secret trove of treasure.
 25297 | D:12     | Your ally Psyche died
 25299 | D:12     | Reached skill level 5 in Fighting
 25371 | D:13     | Found a gate to the Vaults.
 25371 | D:13     | Noticed Norris
 25371 | D:13     | Noticed Donald
 25589 | D:12     | Killed Donald
 25819 | D:13     | Demolished by Norris

Action                   |  1- 3 |  4- 6 |  7- 9 | 10-12 | 13-15 || total
-------------------------+-------+-------+-------+-------+-------++-------
Melee: Unarmed           |     2 |       |       |       |       ||     2
       Club              |     1 |       |       |       |       ||     1
       Whip              |    12 |    81 |    71 |       |       ||   164
       Falchion          |       |       |    56 |   329 |   863 ||  1248
Throw: Tomahawk          |       |       |       |     2 |       ||     2
 Cast: Pain              |    67 |    31 |   153 |   217 |    26 ||   494
       Animate Skeleton  |    20 |    14 |    26 |    17 |    11 ||    88
       Regeneration      |       |     3 |       |     3 |       ||     6
       Vampiric Draining |       |     3 |    26 |    89 |    99 ||   217
       Animate Dead      |       |       |    19 |    67 |    83 ||   169
       Control Undead    |       |       |     1 |     1 |       ||     2
       Agony             |       |       |       |    30 |    27 ||    57
       Ensorcelled Hiber |       |       |       |     3 |       ||     3
       Enslavement       |       |       |       |       |     5 ||     5
       Dispel Undead     |       |       |       |       |    13 ||    13
Evoke: Wand              |       |       |     2 |     6 |     4 ||    12
  Use: Scroll            |     6 |     7 |    14 |     6 |    10 ||    43
       Potion            |       |       |       |     2 |     2 ||     4
 Stab: Sleeping          |     1 |     1 |     6 |     9 |     8 ||    25
       Distracted        |       |       |       |     8 |    12 ||    20
  Eat: Chunk             |     2 |     5 |    14 |    24 |    13 ||    58
       Bread ration      |     1 |       |       |     1 |     1 ||     3
       Royal jelly       |     1 |       |       |     1 |     1 ||     3
       Fruit             |       |       |     4 |     4 |    13 ||    21
       Beef jerky        |       |       |     1 |     3 |       ||     4
       Pizza             |       |       |     1 |       |     2 ||     3
